Pick #1

Connor Bedard
Pick #2

Leo Carlsson
Pick #3

Adam Fantilli
Pick #4

Matvei Michkov
Pick #5

David Reinbacher
Pick #6

William Smith
Pick #7

Zachary Benson
Pick #8

Ryan Leonard
Pick #9

Gabriel Perreault
Pick #10

Axel Sandin-Pellika
Pick #11

Daniil But
Pick #12

Dalibor Dvorsky
Pick #13

Quentin Musty
Pick #14

Brayden Yager
Pick #15

Dmitry Simashev
Pick #16

Colby Barlow
Pick #17

Andrew Cristall
Pick #18

Easton Cowan
Pick #19

Jacob Fowler
Pick #20

Oliver Moore
Pick #21

Oliver Bonk
Pick #22

Tom Willander
Pick #23

Calum Ritchie
Pick #24

Tanner Molendyk
Pick #25

Gavin Brindley
Pick #26

Nate Danielson
Pick #27

Pick #28

Pick #29

Pick #30

Pick #31

Pick #32

Pick #33

Pick #34

Pick #35

Pick #36

Pick #37

Pick #38

Pick #39

Pick #40

Pick #41

Pick #42

Pick #43

Pick #44

Pick #45

Pick #46

Pick #47

Pick #48

Pick #49

Pick #50

Pick #51

Pick #52

Pick #53

Pick #54

Pick #55

Pick #56

Pick #57

Pick #58

Pick #59

Pick #60

Pick #61

Pick #62

Pick #63

Pick #64

Pick #65

Pick #66

Pick #67

Pick #68

Pick #69

Pick #70

Pick #71

Pick #72

Pick #73

Pick #74

Pick #75

Pick #76

Pick #77

Pick #78

Pick #79

Pick #80

Pick #81

Pick #82

Pick #83

Pick #84

Pick #85

Pick #86

Pick #87

Pick #88

Pick #89

Pick #90

Pick #91

Pick #92

Pick #93

Pick #94

Pick #95

Pick #96

Pick #97

Pick #98

Pick #99

Pick #100

Pick #101

Pick #102

Pick #103

Pick #104

Pick #105

Pick #106

Pick #107

Pick #108

Pick #109

Pick #110

Pick #111

Pick #112

Pick #113

Pick #114

Pick #115

Pick #116

Pick #117

Pick #118

Pick #119

Pick #120

Pick #121

Pick #122

Pick #123

Pick #124

Pick #125

Pick #126

Pick #127

Pick #128

Pick #129

Pick #130

Full Scoreboard »»

Canucks vs Kings

Created - October 25, 2023 at 09:25

Goals
1 2 3 T
Canucks 2 1 0 3
Kings 2 2 1 5
Shots
1 2 3 T
Canucks 8 8 8 24
Kings 9 15 6 30

GoalsPenalties
1st period
1. Canucks , Jason Zucker 1 (Mathew Barzal 4, Bowen Byram 3) at 0:44
2. Canucks , Kevin Hayes 1 (Martin Necas 3, Morgan Rielly 1) at 9:05 (PP)
3. Kings , Jordan Staal 3 (Mattias Ekholm 5, Vladimir Tarasenko 4) at 12:08
4. Kings , Vladimir Tarasenko 2 (Brandon Saad 3, Mark Giordano 5) at 18:13
Mark Giordano (LOS) for Tripping (Minor) at 1:57
Mark Giordano (LOS) for Slashing (Minor) at 8:17
Morgan Rielly (VAN) for Slashing (Minor) at 15:13
2nd period
5. Kings , Alex Ovechkin 6 (Logan Couture 6) at 8:07
6. Kings , Jonas Brodin 1 (Mattias Ekholm 6, Sidney Crosby 8) at 12:53
7. Canucks , Ryan Nugent-Hopkins 6 (Mitch Marner 3, Brayden Point 1) at 17:43
Evander Kane (LOS) for Delaying the game (Minor) at 15:41
3rd period
8. Kings , Alex Ovechkin 7 (Jonas Brodin 5) at 15:21
Alex Ovechkin (LOS) for Hooking (Minor) at 8:42
Alec Martinez (VAN) for Holding (Minor) at 17:18
Goalie Stats
Jeremy Swayman (VAN), 25 saves from 30 shots - (0.833), L, 2-3-0, 60:00 minutes
Ville Husso (LOS), 21 saves from 24 shots - (0.875), W, 5-0-0, 60:00 minutes
3 StarsOfficial
1 - Alex Ovechkin (LOS)
2 - Jonas Brodin (LOS)
3 - Mattias Ekholm (LOS)
Referees : Beaudry Halkidis and Shaun Davis
Linesman : Bryan Pancich and Tony Sericolo
Game Note
No Game Note
Finance
Level 1 -- Attendance: 6055 (93.15%) -- Ticket Income $575,225
Level 2 -- Attendance: 5000 (100.00%) -- Ticket Income $375,000
Level 3 -- Attendance: 3114 (88.97%) -- Ticket Income $171,270
Level 4 -- Attendance: 2118 (100.00%) -- Ticket Income $84,720
Luxury Box -- Attendance: 1000 (100.00%) -- Ticket Income $225,000
Game was played at the Staples Center.
Total Attendance: 17287 (95.41%)
Total Ticket Income: $1,431,215
Other Income: $357,804
Total Income: $1,789,019



Team Name Goals Shots Shots Attemp Shots Blocked PIM HIT PP PK FO%
Canucks 3246134201 / 4 (25%)035%
Kings 53052128240 / 2 (0%)165%

Canucks
Player Name POS G A P +/- PIM HIT SHT SB MP PP MP PP SHT PK MP PK SHT FO% FOT
Alec MartinezD0000200113:300:0000:3800% 0
Alex NewhookC000000005:030:0000:0000% 0
Boone JennerC000-2021016:182:4002:29048% 21
Bowen ByramD0110072023:133:3412:1600% 0
Brayden PointC011-1002020:143:1110:00024% 25
Cody GlassC000000105:160:0000:13050% 4
Conor GarlandRW000-2001011:090:0000:0000% 2
J.J. MoserD0000031022:063:3411:0900% 0
Jason ZuckerLW1010005016:150:0000:1300% 0
Kevin HayesC101-2002016:182:4012:29025% 4
Marcus JohanssonLW000000005:030:0000:000100% 1
Martin NecasC011-1023019:432:4000:0000% 0
Mathew BarzalC0110012020:074:0500:00050% 10
Mitch MarnerC/LW/RW011-1031022:244:0501:16075% 4
Morgan RiellyD011-3221123:153:1101:0400% 0
Ryan Nugent-HopkinsC1010002021:234:0501:16019% 21
Samuel GirardD000-3000021:500:0002:4900% 0
Ty SmithD0000000112:530:0000:0000% 0
Kings
Player Name POS G A P +/- PIM HIT SHT SB MP PP MP PP SHT PK MP PK SHT FO% FOT
Alex OvechkinLW2023246020:331:4800:34167% 3
Brandon SaadLW011100109:510:0000:0000% 0
Conor ShearyLW000000006:350:0000:000100% 1
David SavardD000-1000416:330:0004:0600% 0
Evander KaneLW000-1241016:482:1010:0000% 0
Ilya MikheyevRW000-1002016:341:5500:000100% 1
Joel EdmundsonD000-1041113:020:0000:3500% 0
Jonas BrodinD1124001125:442:0303:2500% 0
Jordan StaalC1011051114:530:0005:02050% 28
Logan CoutureC0113012124:161:4804:16067% 3
Mark GiordanoD0110440018:490:0002:1700% 0
Matt DucheneC000-1002016:492:1000:00057% 21
Mattias EkholmD0224012325:262:0303:0700% 0
Nic DowdC000001108:440:0002:09060% 5
Ryan SuterD0000001118:291:5500:0000% 0
Sidney CrosbyC0113006020:001:4810:00083% 29
Tyler MotteC000000108:040:0001:2900% 0
Vladimir TarasenkoRW1121002012:012:1010:000100% 1



Play-by-Play

1st period


0:01 of 1st period - Sidney Crosby wins face-off versus Brayden Point in neutral zone.
0:01 of 1st period - Sidney Crosby is hit by Mitch Marner.
0:04 of 1st period - Off-side.
0:05 of 1st period - Matt Duchene wins face-off versus Ryan Nugent-Hopkins in neutral zone.
0:15 of 1st period - Icing by Bowen Byram.
0:16 of 1st period - Jordan Staal wins face-off versus Ryan Nugent-Hopkins in Canucks zone.
0:42 of 1st period - Shot by Mathew Barzal.
0:42 of 1st period - Shot Misses the Net.
0:44 of 1st period - Shot by Jason Zucker.
0:44 of 1st period - Goal by Jason Zucker - Canucks : 1 - Kings : 0.
0:45 of 1st period - Sidney Crosby wins face-off versus Boone Jenner in neutral zone.
1:13 of 1st period - Shot by Alex Ovechkin.
1:13 of 1st period - Shot Misses the Net.
1:57 of 1st period - Minor Penalty to Mark Giordano for Tripping.
1:58 of 1st period - Jordan Staal wins face-off versus Mathew Barzal in Kings zone.
2:04 of 1st period - Icing by Mitch Marner.
2:05 of 1st period - Mathew Barzal wins face-off versus Jordan Staal in Canucks zone.
2:05 of 1st period - Mathew Barzal is hit by Jordan Staal.
2:15 of 1st period - Shot by Bowen Byram.
2:15 of 1st period - Shot Misses the Net.
2:27 of 1st period - Shot by Mitch Marner.
2:27 of 1st period - Shot Blocked by David Savard.
2:29 of 1st period - Shot by J.J. Moser.
2:29 of 1st period - Stopped by Ville Husso without a rebound.
2:30 of 1st period - Nic Dowd wins face-off versus Kevin Hayes in Kings zone.
2:36 of 1st period - Icing by Morgan Rielly.
2:37 of 1st period - Nic Dowd wins face-off versus Kevin Hayes in Canucks zone.
3:22 of 1st period - Shot by Brayden Point.
3:22 of 1st period - Stopped by Ville Husso without a rebound.
3:23 of 1st period - Mathew Barzal wins face-off versus Jordan Staal in Kings zone.
3:50 of 1st period - Shot by Bowen Byram.
3:50 of 1st period - Shot Blocked by Mattias Ekholm.
5:16 of 1st period - Shot by Conor Sheary.
5:16 of 1st period - Deflect By Nic Dowd.
5:16 of 1st period - Stopped by Jeremy Swayman with a rebound.
5:18 of 1st period - Shot by Tyler Motte.
5:18 of 1st period - Stopped by Jeremy Swayman without a rebound.
5:19 of 1st period - Jordan Staal wins face-off versus Brayden Point in Canucks zone.
5:19 of 1st period - David Savard is hit by Bowen Byram and loses puck.
5:26 of 1st period - Joel Edmundson is hit by Martin Necas and loses puck.
5:44 of 1st period - Brandon Saad is hit by Bowen Byram and loses puck.
7:23 of 1st period - Boone Jenner is hit by Mark Giordano.
7:30 of 1st period - Conor Garland is hit by Mark Giordano and loses puck.
7:41 of 1st period - Shot by Kevin Hayes.
7:41 of 1st period - Shot Misses the Net.
8:17 of 1st period - Minor Penalty to Mark Giordano for Slashing.
8:18 of 1st period - Mitch Marner wins face-off versus Jordan Staal in Kings zone.
9:05 of 1st period - Shot by Kevin Hayes.
9:05 of 1st period - Goal by Kevin Hayes - Canucks : 2 - Kings : 0.
9:06 of 1st period - Nic Dowd wins face-off versus Cody Glass in neutral zone.
9:14 of 1st period - Morgan Rielly is hit by Joel Edmundson and loses puck.
9:33 of 1st period - Shot by Marcus Johansson.
9:33 of 1st period - Shot Misses the Net.
9:46 of 1st period - Cody Glass is hit by Joel Edmundson and loses puck.
10:01 of 1st period - Shot by Brayden Point.
10:01 of 1st period - Shot Misses the Net.
10:11 of 1st period - Shot by Mitch Marner.
10:11 of 1st period - Shot Misses the Net.
10:13 of 1st period - Shot by Bowen Byram.
10:13 of 1st period - Shot Misses the Net.
11:30 of 1st period - Shot by Jason Zucker.
11:30 of 1st period - Stopped by Ville Husso without a rebound.
11:31 of 1st period - Jordan Staal wins face-off versus Conor Garland in Kings zone.
11:35 of 1st period - Off-side.
11:36 of 1st period - Boone Jenner wins face-off versus Matt Duchene in neutral zone.
11:57 of 1st period - Icing by Conor Garland.
11:58 of 1st period - Boone Jenner wins face-off versus Jordan Staal in Canucks zone.
12:08 of 1st period - Shot by Jordan Staal.
12:08 of 1st period - Goal by Jordan Staal - Canucks : 2 - Kings : 1.
12:09 of 1st period - Sidney Crosby wins face-off versus Ryan Nugent-Hopkins in neutral zone.
12:18 of 1st period - Icing by Ryan Nugent-Hopkins.
12:19 of 1st period - Sidney Crosby wins face-off versus Ryan Nugent-Hopkins in Canucks zone.
12:22 of 1st period - Shot by Sidney Crosby.
12:22 of 1st period - Shot Misses the Net.
12:35 of 1st period - Shot by Logan Couture.
12:35 of 1st period - Stopped by Jeremy Swayman without a rebound.
12:36 of 1st period - Brayden Point wins face-off versus Jordan Staal in Canucks zone.
12:43 of 1st period - Shot by Morgan Rielly.
12:43 of 1st period - Shot Misses the Net.
12:45 of 1st period - Shot by Morgan Rielly.
12:45 of 1st period - Shot Blocked by Ryan Suter.
12:47 of 1st period - Shot by Martin Necas.
12:47 of 1st period - Stopped by Ville Husso without a rebound.
12:48 of 1st period - Sidney Crosby wins face-off versus Ryan Nugent-Hopkins in Kings zone.
13:02 of 1st period - Shot by Sidney Crosby.
13:02 of 1st period - Shot Misses the Net.
13:04 of 1st period - Shot by Logan Couture.
13:04 of 1st period - Shot Misses the Net.
13:06 of 1st period - Shot by Sidney Crosby.
13:06 of 1st period - Stopped by Jeremy Swayman without a rebound.
13:07 of 1st period - Matt Duchene wins face-off versus Brayden Point in Canucks zone.
13:07 of 1st period - Ryan Suter is hit by Morgan Rielly and loses puck.
13:16 of 1st period - Shot by Mitch Marner.
13:16 of 1st period - Stopped by Ville Husso with a rebound.
13:32 of 1st period - Shot by Brayden Point.
13:32 of 1st period - Deflect By Mitch Marner.
13:32 of 1st period - Shot Misses the Net.
14:10 of 1st period - Shot by Jason Zucker.
14:10 of 1st period - Stopped by Ville Husso without a rebound.
14:11 of 1st period - Sidney Crosby wins face-off versus Ryan Nugent-Hopkins in Kings zone.
14:13 of 1st period - Icing by Jonas Brodin.
14:14 of 1st period - Sidney Crosby wins face-off versus Ryan Nugent-Hopkins in Kings zone.
15:00 of 1st period - Shot by Sidney Crosby.
15:00 of 1st period - Stopped by Jeremy Swayman without a rebound.
15:01 of 1st period - Brayden Point wins face-off versus Jordan Staal in Canucks zone.
15:01 of 1st period - Samuel Girard is hit by Jordan Staal and loses puck.
15:05 of 1st period - Icing by Samuel Girard.
15:06 of 1st period - Brayden Point wins face-off versus Jordan Staal in Canucks zone.
15:12 of 1st period - Brandon Saad is hit by Morgan Rielly and loses puck.
15:13 of 1st period - Minor Penalty to Morgan Rielly for Slashing.
15:14 of 1st period - Boone Jenner wins face-off versus Matt Duchene in Canucks zone.
15:14 of 1st period - Boone Jenner is hit by Evander Kane.
15:50 of 1st period - Shot by Evander Kane.
15:50 of 1st period - Stopped by Jeremy Swayman without a rebound.
15:51 of 1st period - Alex Ovechkin wins face-off versus Boone Jenner in Canucks zone.
15:52 of 1st period - Shot by Mattias Ekholm.
15:52 of 1st period - Shot Blocked by Alec Martinez.
15:54 of 1st period - Shot by Sidney Crosby.
15:54 of 1st period - Stopped by Jeremy Swayman without a rebound.
15:55 of 1st period - Sidney Crosby wins face-off versus Boone Jenner in Canucks zone.
16:38 of 1st period - Shot by Alex Ovechkin.
16:38 of 1st period - Shot Misses the Net.
16:40 of 1st period - Shot by Mattias Ekholm.
16:40 of 1st period - Shot Misses the Net.
17:45 of 1st period - Cody Glass is hit by Joel Edmundson and loses puck.
18:09 of 1st period - Shot by Vladimir Tarasenko.
18:09 of 1st period - Shot Misses the Net.
18:13 of 1st period - Shot by Vladimir Tarasenko.
18:13 of 1st period - Goal by Vladimir Tarasenko - Canucks : 2 - Kings : 2.
18:14 of 1st period - Sidney Crosby wins face-off versus Brayden Point in neutral zone.
18:16 of 1st period - Mattias Ekholm is hit by Bowen Byram and loses puck.
18:24 of 1st period - Logan Couture is hit by J.J. Moser and loses puck.
18:34 of 1st period - Sidney Crosby is hit by J.J. Moser and loses puck.
18:47 of 1st period - Shot by Bowen Byram.
18:47 of 1st period - Shot Blocked by Mattias Ekholm.
19:32 of 1st period - Icing by Mark Giordano.
19:33 of 1st period - Matt Duchene wins face-off versus Ryan Nugent-Hopkins in Kings zone.
19:39 of 1st period - Icing by Samuel Girard.
19:40 of 1st period - Vladimir Tarasenko wins face-off versus Ryan Nugent-Hopkins in Canucks zone.
19:57 of 1st period - Shot by Brandon Saad.
19:57 of 1st period - Shot Misses the Net.
Goals for this period are 2 for Canucks vs 2 for Kings.
Shots for this period are 8 for Canucks vs 9 for Kings.

2nd period


0:01 of 2nd period - Alex Ovechkin wins face-off versus Ryan Nugent-Hopkins in neutral zone.
0:45 of 2nd period - Shot by Alex Ovechkin.
0:45 of 2nd period - Shot Misses the Net.
0:47 of 2nd period - Shot by Mattias Ekholm.
0:47 of 2nd period - Stopped by Jeremy Swayman without a rebound.
0:48 of 2nd period - Ilya Mikheyev wins face-off versus Boone Jenner in Canucks zone.
0:48 of 2nd period - Ilya Mikheyev is hit by Bowen Byram.
2:12 of 2nd period - Shot by Martin Necas.
2:12 of 2nd period - Stopped by Ville Husso without a rebound.
2:13 of 2nd period - Sidney Crosby wins face-off versus Brayden Point in Kings zone.
2:25 of 2nd period - Icing by Morgan Rielly.
2:26 of 2nd period - Brayden Point wins face-off versus Nic Dowd in Canucks zone.
2:26 of 2nd period - Brayden Point is hit by Nic Dowd.
3:50 of 2nd period - Shot by Mathew Barzal.
3:50 of 2nd period - Stopped by Ville Husso with a rebound.
4:38 of 2nd period - Shot by Sidney Crosby.
4:38 of 2nd period - Stopped by Jeremy Swayman without a rebound.
4:39 of 2nd period - Logan Couture wins face-off versus Mitch Marner in Canucks zone.
5:22 of 2nd period - Shot by Sidney Crosby.
5:22 of 2nd period - Stopped by Jeremy Swayman with a rebound.
5:24 of 2nd period - Shot by Ryan Suter.
5:24 of 2nd period - Stopped by Jeremy Swayman with a rebound.
6:01 of 2nd period - Shot by Matt Duchene.
6:01 of 2nd period - Stopped by Jeremy Swayman without a rebound.
6:02 of 2nd period - Jordan Staal wins face-off versus Ryan Nugent-Hopkins in Canucks zone.
6:55 of 2nd period - Shot by Sidney Crosby.
6:55 of 2nd period - Stopped by Jeremy Swayman without a rebound.
6:56 of 2nd period - Matt Duchene wins face-off versus Boone Jenner in Canucks zone.
7:04 of 2nd period - Icing by Bowen Byram.
7:05 of 2nd period - Sidney Crosby wins face-off versus Conor Garland in Canucks zone.
7:08 of 2nd period - Shot by Alex Ovechkin.
7:08 of 2nd period - Stopped by Jeremy Swayman without a rebound.
7:09 of 2nd period - Sidney Crosby wins face-off versus Brayden Point in Canucks zone.
7:12 of 2nd period - Shot by Alex Ovechkin.
7:12 of 2nd period - Stopped by Jeremy Swayman without a rebound.
7:13 of 2nd period - Sidney Crosby wins face-off versus Brayden Point in Canucks zone.
7:34 of 2nd period - Icing by Mitch Marner.
7:35 of 2nd period - Matt Duchene wins face-off versus Brayden Point in Canucks zone.
8:03 of 2nd period - Icing by Samuel Girard.
8:04 of 2nd period - Logan Couture wins face-off versus Brayden Point in Canucks zone.
8:07 of 2nd period - Shot by Alex Ovechkin.
8:07 of 2nd period - Goal by Alex Ovechkin - Canucks : 2 - Kings : 3.
8:08 of 2nd period - Sidney Crosby wins face-off versus Ryan Nugent-Hopkins in neutral zone.
8:42 of 2nd period - Ryan Nugent-Hopkins is hit by Mattias Ekholm and loses puck.
8:45 of 2nd period - Shot by Ryan Nugent-Hopkins.
8:45 of 2nd period - Stopped by Ville Husso without a rebound.
8:46 of 2nd period - Boone Jenner wins face-off versus Jordan Staal in Kings zone.
8:54 of 2nd period - Icing by Mark Giordano.
8:55 of 2nd period - Boone Jenner wins face-off versus Jordan Staal in Kings zone.
9:12 of 2nd period - Shot by Conor Garland.
9:12 of 2nd period - Stopped by Ville Husso without a rebound.
9:13 of 2nd period - Sidney Crosby wins face-off versus Ryan Nugent-Hopkins in Kings zone.
9:32 of 2nd period - Shot by Mathew Barzal.
9:32 of 2nd period - Shot Misses the Net.
9:36 of 2nd period - Shot by Mathew Barzal.
9:36 of 2nd period - Stopped by Ville Husso without a rebound.
9:37 of 2nd period - Brayden Point wins face-off versus Matt Duchene in Kings zone.
9:42 of 2nd period - Shot by Mitch Marner.
9:42 of 2nd period - Deflect By Brayden Point.
9:42 of 2nd period - Shot Hit the Post.
10:23 of 2nd period - Shot by Ilya Mikheyev.
10:23 of 2nd period - Stopped by Jeremy Swayman without a rebound.
10:24 of 2nd period - Sidney Crosby wins face-off versus Ryan Nugent-Hopkins in Canucks zone.
10:32 of 2nd period - Alex Ovechkin is hit by Bowen Byram and loses puck.
10:43 of 2nd period - Shot by Sidney Crosby.
10:43 of 2nd period - Shot Misses the Net.
10:49 of 2nd period - Shot by Alex Ovechkin.
10:49 of 2nd period - Shot Misses the Net.
11:06 of 2nd period - Icing by Jason Zucker.
11:07 of 2nd period - Jordan Staal wins face-off versus Ryan Nugent-Hopkins in Canucks zone.
11:10 of 2nd period - Shot by Brandon Saad.
11:10 of 2nd period - Stopped by Jeremy Swayman without a rebound.
11:11 of 2nd period - Jordan Staal wins face-off versus Boone Jenner in Canucks zone.
11:22 of 2nd period - Shot by Boone Jenner.
11:22 of 2nd period - Stopped by Ville Husso without a rebound.
11:23 of 2nd period - Matt Duchene wins face-off versus Brayden Point in Kings zone.
11:23 of 2nd period - Matt Duchene is hit by Mitch Marner.
11:31 of 2nd period - Mitch Marner is hit by Evander Kane and loses puck.
11:58 of 2nd period - Shot by Brayden Point.
11:58 of 2nd period - Deflect By Mitch Marner.
11:58 of 2nd period - Shot Blocked by David Savard.
12:00 of 2nd period - Shot by Brayden Point.
12:00 of 2nd period - Shot Misses the Net.
12:38 of 2nd period - Mattias Ekholm is hit by Boone Jenner and loses puck.
12:53 of 2nd period - Shot by Jonas Brodin.
12:53 of 2nd period - Goal by Jonas Brodin - Canucks : 2 - Kings : 4.
12:54 of 2nd period - Jordan Staal wins face-off versus Ryan Nugent-Hopkins in neutral zone.
13:38 of 2nd period - Shot by Jordan Staal.
13:38 of 2nd period - Shot Misses the Net.
13:45 of 2nd period - Icing by J.J. Moser.
13:46 of 2nd period - Ryan Nugent-Hopkins wins face-off versus Sidney Crosby in Canucks zone.
14:10 of 2nd period - Off-side.
14:11 of 2nd period - Matt Duchene wins face-off versus Brayden Point in neutral zone.
14:14 of 2nd period - Brayden Point is hit by Evander Kane and loses puck.
14:25 of 2nd period - Shot by Joel Edmundson.
14:25 of 2nd period - Stopped by Jeremy Swayman without a rebound.
14:26 of 2nd period - Boone Jenner wins face-off versus Sidney Crosby in Canucks zone.
14:26 of 2nd period - Boone Jenner is hit by Alex Ovechkin.
14:29 of 2nd period - Icing by Kevin Hayes.
14:30 of 2nd period - Boone Jenner wins face-off versus Sidney Crosby in Canucks zone.
15:41 of 2nd period - Minor Penalty to Evander Kane for Delaying the game.
15:42 of 2nd period - Jordan Staal wins face-off versus Mathew Barzal in Kings zone.
16:07 of 2nd period - Shot by Morgan Rielly.
16:07 of 2nd period - Shot Blocked by Logan Couture.
16:23 of 2nd period - Shot by Mitch Marner.
16:23 of 2nd period - Shot Blocked by Mattias Ekholm.
16:25 of 2nd period - Shot by Mitch Marner.
16:25 of 2nd period - Shot Blocked by Jonas Brodin.
16:51 of 2nd period - Shot by Kevin Hayes.
16:51 of 2nd period - Shot Blocked by David Savard.
17:01 of 2nd period - Jonas Brodin is hit by Boone Jenner.
17:13 of 2nd period - Shot by Alex Ovechkin.
17:13 of 2nd period - Stopped by Jeremy Swayman without a rebound.
17:14 of 2nd period - Mathew Barzal wins face-off versus Nic Dowd in Canucks zone.
17:19 of 2nd period - Shot by Brayden Point.
17:19 of 2nd period - Shot Misses the Net.
17:43 of 2nd period - Shot by Ryan Nugent-Hopkins.
17:43 of 2nd period - Goal by Ryan Nugent-Hopkins - Canucks : 3 - Kings : 4.
17:44 of 2nd period - Cody Glass wins face-off versus Matt Duchene in neutral zone.
17:53 of 2nd period - Shot by Cody Glass.
17:53 of 2nd period - Stopped by Ville Husso without a rebound.
17:54 of 2nd period - Marcus Johansson wins face-off versus Matt Duchene in Kings zone.
17:54 of 2nd period - Marcus Johansson is hit by Mark Giordano.
18:02 of 2nd period - Shot by Matt Duchene.
18:02 of 2nd period - Stopped by Jeremy Swayman without a rebound.
18:03 of 2nd period - Sidney Crosby wins face-off versus Boone Jenner in Canucks zone.
18:16 of 2nd period - Shot by Sidney Crosby.
18:16 of 2nd period - Shot Misses the Net.
18:43 of 2nd period - Off-side.
18:44 of 2nd period - Jordan Staal wins face-off versus Brayden Point in neutral zone.
18:47 of 2nd period - Mitch Marner is hit by Jordan Staal and loses puck.
19:24 of 2nd period - Shot by Brayden Point.
19:24 of 2nd period - Shot Misses the Net.
19:26 of 2nd period - Shot by Morgan Rielly.
19:26 of 2nd period - Shot Misses the Net.
19:28 of 2nd period - Shot by Mitch Marner.
19:28 of 2nd period - Shot Misses the Net.
19:41 of 2nd period - Off-side.
19:42 of 2nd period - Sidney Crosby wins face-off versus Mathew Barzal in neutral zone.
19:45 of 2nd period - Bowen Byram is hit by Alex Ovechkin and loses puck.
Goals for this period are 1 for Canucks vs 2 for Kings.
Shots for this period are 8 for Canucks vs 15 for Kings.

3rd period


0:01 of 3rd period - Sidney Crosby wins face-off versus Mathew Barzal in neutral zone.
0:06 of 3rd period - Ryan Nugent-Hopkins is hit by Alex Ovechkin and loses puck.
0:29 of 3rd period - Icing by Jonas Brodin.
0:30 of 3rd period - Sidney Crosby wins face-off versus Brayden Point in Kings zone.
0:47 of 3rd period - Shot by Brayden Point.
0:47 of 3rd period - Deflect By Mitch Marner.
0:47 of 3rd period - Shot Misses the Net.
1:03 of 3rd period - Shot by Martin Necas.
1:03 of 3rd period - Stopped by Ville Husso without a rebound.
1:04 of 3rd period - Matt Duchene wins face-off versus Ryan Nugent-Hopkins in Kings zone.
1:33 of 3rd period - Shot by Jason Zucker.
1:33 of 3rd period - Stopped by Ville Husso without a rebound.
1:34 of 3rd period - Jordan Staal wins face-off versus Boone Jenner in Kings zone.
1:43 of 3rd period - Shot by Bowen Byram.
1:43 of 3rd period - Shot Misses the Net.
1:45 of 3rd period - Shot by Bowen Byram.
1:45 of 3rd period - Stopped by Ville Husso without a rebound.
1:46 of 3rd period - Conor Sheary wins face-off versus Brayden Point in Kings zone.
1:46 of 3rd period - Conor Sheary is hit by Martin Necas.
2:14 of 3rd period - Shot by Brayden Point.
2:14 of 3rd period - Stopped by Ville Husso without a rebound.
2:15 of 3rd period - Ryan Nugent-Hopkins wins face-off versus Alex Ovechkin in Kings zone.
2:20 of 3rd period - Shot by Jason Zucker.
2:20 of 3rd period - Stopped by Ville Husso without a rebound.
2:21 of 3rd period - Ryan Nugent-Hopkins wins face-off versus Sidney Crosby in Kings zone.
2:31 of 3rd period - Icing by Alex Ovechkin.
2:32 of 3rd period - Sidney Crosby wins face-off versus Brayden Point in Kings zone.
2:34 of 3rd period - Icing by Alex Ovechkin.
2:35 of 3rd period - Sidney Crosby wins face-off versus Brayden Point in Kings zone.
2:41 of 3rd period - Off-side.
2:42 of 3rd period - Mitch Marner wins face-off versus Matt Duchene in neutral zone.
3:07 of 3rd period - Shot by Ilya Mikheyev.
3:07 of 3rd period - Stopped by Jeremy Swayman without a rebound.
3:08 of 3rd period - Ryan Nugent-Hopkins wins face-off versus Sidney Crosby in Canucks zone.
3:19 of 3rd period - Alex Ovechkin is hit by J.J. Moser and loses puck.
3:25 of 3rd period - Alex Ovechkin is hit by Bowen Byram and loses puck.
3:42 of 3rd period - Ryan Nugent-Hopkins is hit by Alex Ovechkin and loses puck.
3:48 of 3rd period - Logan Couture is hit by Bowen Byram and loses puck.
3:53 of 3rd period - Shot by Logan Couture.
3:53 of 3rd period - Stopped by Jeremy Swayman without a rebound.
3:54 of 3rd period - Matt Duchene wins face-off versus Brayden Point in Canucks zone.
4:03 of 3rd period - Shot by Evander Kane.
4:03 of 3rd period - Shot Blocked by Morgan Rielly.
4:13 of 3rd period - Icing by Jonas Brodin.
4:14 of 3rd period - Boone Jenner wins face-off versus Matt Duchene in Kings zone.
4:44 of 3rd period - Shot by Conor Garland.
4:44 of 3rd period - Shot Misses the Net.
5:30 of 3rd period - Brayden Point is hit by Mark Giordano and loses puck.
6:22 of 3rd period - Shot by Mathew Barzal.
6:22 of 3rd period - Shot Misses the Net.
6:24 of 3rd period - Shot by Bowen Byram.
6:24 of 3rd period - Shot Blocked by Jordan Staal.
6:26 of 3rd period - Shot by Ryan Nugent-Hopkins.
6:26 of 3rd period - Shot Blocked by Joel Edmundson.
6:49 of 3rd period - Mathew Barzal is hit by Jordan Staal and loses puck.
7:10 of 3rd period - Conor Garland is hit by Joel Edmundson and loses puck.
7:17 of 3rd period - Shot by Boone Jenner.
7:17 of 3rd period - Deflect By Conor Garland.
7:17 of 3rd period - Shot Misses the Net.
7:21 of 3rd period - Shot by Kevin Hayes.
7:21 of 3rd period - Stopped by Ville Husso without a rebound.
7:22 of 3rd period - Brayden Point wins face-off versus Matt Duchene in Kings zone.
7:29 of 3rd period - Shot by Mitch Marner.
7:29 of 3rd period - Shot Misses the Net.
8:11 of 3rd period - Icing by Jonas Brodin.
8:12 of 3rd period - Matt Duchene wins face-off versus Boone Jenner in Kings zone.
8:29 of 3rd period - Shot by Boone Jenner.
8:29 of 3rd period - Shot Misses the Net.
8:42 of 3rd period - Minor Penalty to Alex Ovechkin for Hooking.
8:43 of 3rd period - Mathew Barzal wins face-off versus Jordan Staal in Kings zone.
9:02 of 3rd period - Jordan Staal is hit by Mathew Barzal and loses puck.
9:24 of 3rd period - Icing by Ryan Nugent-Hopkins.
9:25 of 3rd period - Mathew Barzal wins face-off versus Jordan Staal in Canucks zone.
9:25 of 3rd period - Mathew Barzal is hit by Logan Couture.
9:37 of 3rd period - Icing by Bowen Byram.
9:38 of 3rd period - Jordan Staal wins face-off versus Mathew Barzal in Canucks zone.
9:42 of 3rd period - Icing by J.J. Moser.
9:43 of 3rd period - Mitch Marner wins face-off versus Jordan Staal in Canucks zone.
9:48 of 3rd period - Shot by Bowen Byram.
9:48 of 3rd period - Stopped by Ville Husso without a rebound.
9:49 of 3rd period - Jordan Staal wins face-off versus Kevin Hayes in Kings zone.
9:55 of 3rd period - Icing by Martin Necas.
9:56 of 3rd period - Kevin Hayes wins face-off versus Jordan Staal in Canucks zone.
9:56 of 3rd period - Kevin Hayes is hit by Jordan Staal.
10:49 of 3rd period - Ryan Nugent-Hopkins is hit by Evander Kane and loses puck.
11:56 of 3rd period - Icing by Logan Couture.
11:57 of 3rd period - Sidney Crosby wins face-off versus Brayden Point in Kings zone.
12:10 of 3rd period - Shot by Alex Ovechkin.
12:10 of 3rd period - Stopped by Jeremy Swayman without a rebound.
12:11 of 3rd period - Jordan Staal wins face-off versus Boone Jenner in Canucks zone.
12:16 of 3rd period - Shot by Vladimir Tarasenko.
12:16 of 3rd period - Shot Blocked by Ty Smith.
13:39 of 3rd period - Shot by Brayden Point.
13:39 of 3rd period - Shot Blocked by David Savard.
14:15 of 3rd period - Shot by Mattias Ekholm.
14:15 of 3rd period - Stopped by Jeremy Swayman without a rebound.
14:16 of 3rd period - Matt Duchene wins face-off versus Cody Glass in Canucks zone.
15:21 of 3rd period - Shot by Alex Ovechkin.
15:21 of 3rd period - Goal by Alex Ovechkin - Canucks : 3 - Kings : 5.
15:22 of 3rd period - Sidney Crosby wins face-off versus Brayden Point in neutral zone.
15:35 of 3rd period - Mattias Ekholm is hit by Mitch Marner and loses puck.
16:00 of 3rd period - Shot by Brayden Point.
16:00 of 3rd period - Shot Misses the Net.
16:04 of 3rd period - Shot by Mitch Marner.
16:04 of 3rd period - Shot Misses the Net.
16:06 of 3rd period - Shot by Morgan Rielly.
16:06 of 3rd period - Stopped by Ville Husso with a rebound.
16:50 of 3rd period - Shot by Conor Sheary.
16:50 of 3rd period - Shot Misses the Net.
17:17 of 3rd period - Icing by Conor Garland.
17:18 of 3rd period - Matt Duchene wins face-off versus Boone Jenner in Canucks zone.
17:18 of 3rd period - Minor Penalty to Alec Martinez for Holding.
17:19 of 3rd period - Boone Jenner wins face-off versus Matt Duchene in Canucks zone.
17:36 of 3rd period - Shot by Evander Kane.
17:36 of 3rd period - Shot Hit the Post.
17:38 of 3rd period - Shot by Mattias Ekholm.
17:38 of 3rd period - Shot Hit the Post.
17:40 of 3rd period - Shot by Jonas Brodin.
17:40 of 3rd period - Shot Misses the Net.
17:48 of 3rd period - Shot by Matt Duchene.
17:48 of 3rd period - Shot Misses the Net.
17:50 of 3rd period - Shot by Vladimir Tarasenko.
17:50 of 3rd period - Stopped by Jeremy Swayman without a rebound.
17:51 of 3rd period - Boone Jenner wins face-off versus Logan Couture in Canucks zone.
19:00 of 3rd period - Shot by Mattias Ekholm.
19:00 of 3rd period - Shot Misses the Net.
19:41 of 3rd period - Icing by Alec Martinez.
19:42 of 3rd period - Cody Glass wins face-off versus Jordan Staal in Canucks zone.
Goals for this period are 0 for Canucks vs 1 for Kings.
Shots for this period are 8 for Canucks vs 6 for Kings.